 Dungeon Crawl Stone Soup version 0.27-a0-1081-ge8a0a9c698 (webtiles) character file.

Game seed: 9588276137855460293

344 shoop the Skirmisher (level 6, 0/68 HPs)
             Began as an Ogre Fighter on Apr 25, 2021.
             Slain by an ogre
             ... wielding a +0 giant club
              (34 damage)
             ... on level 5 of the Dungeon.
             The game lasted 00:04:28 (3126 turns).

shoop the Skirmisher (Ogre Fighter)                 Turns: 3126, Time: 00:04:29

Health: 0/68       AC:  3    Str: 21    XL:     6   Next: 58%
Magic:  6/6        EV:  8    Int:  9    God:
Gold:   109        SH:  8    Dex: 10    Spells: 5/5 levels left

rFire    . . .     SeeInvis +   a - +0 trident
rCold    . . .     Faith    .   c - +0 kite shield
rNeg     . . .     Spirit   .   b - +0 robe
rPois    .         Reflect  .   (helmet restricted)
rElec    .         Harm     .   (no cloak)
rCorr    .         Rampage  .   (gloves unavailable)
Will     .....                  (boots unavailable)
Stlth    +.........             (no amulet)
HPRegen  0.21/turn              i - ring of see invisible
MPRegen  0.10/turn              (no ring)

@: no status effects
A: large, unfitting armour, tough skin 1
a: no special abilities


You were on level 5 of the Dungeon.
You visited 1 branch of the dungeon, and saw 5 of its levels.

You collected 109 gold pieces.

Inventory:

Hand Weapons
 a - a +0 trident (weapon)
Missiles
 g - 2 javelins
 h - a throwing net
 k - 13 poisoned darts
 p - 2 curare-tipped darts
 r - 6 boomerangs (quivered)
Armour
 b - a +0 robe (worn)
 c - a +0 kite shield (worn)
Jewellery
 i - a ring of see invisible (left hand)
Scrolls
 e - a scroll of enchant armour {unknown}
 m - a scroll of identify {unknown}
 o - a scroll of fear {unknown}
 t - a scroll of noise {unknown}
Potions
 d - a potion of might
 f - 2 potions of curing {unknown}
 j - a potion of heal wounds {unknown}
 l - 2 potions of brilliance {unknown}
 n - a potion of cancellation {unknown}
 q - a potion of ambrosia {unknown}
 s - a potion of berserk rage {unknown}


   Skills:
 + Level 6.3 Fighting
 + Level 4.2 Polearms
 * Level 3.4 Throwing
 - Level 2.6 Dodging
 - Level 2.6 Shields


You had 5 spell levels left.
You didn't know any spells.
Your spell library was empty.

Dungeon Overview and Level Annotations

Branches:
Dungeon (5/15)
 Temple: D:4-7

Altars:
Ashenzari
Elyvilon
Gozag
Qazlal
Wu Jian

Annotations:
D:4 2 transporters, Demosthentine's ghost, amateur MfGl


Innate Abilities, Weirdness & Mutations

You are too large for most types of armour.
You have tough skin. (AC +1)


Message History

The ogre shouts!
Found a scroll labelled OMIWOFRIZEA.
Throw: 6 boomerangs
Press: ? - help, Q - select action, (/) - cycle Shift-Dir - straight line, f - ogre
Aim: an ogre, wielding a +0 giant club (75% to hit)
You throw a boomerang. The boomerang hits the ogre.
The ogre is lightly wounded.
Throw: 6 boomerangs
Press: ? - help, Q - select action, (/) - cycle Shift-Dir - straight line, f/p - ogre
Aim: an ogre, wielding a +0 giant club (lightly wounded, 75% to hit)
You throw a boomerang. The boomerang hits the ogre.
The ogre is moderately wounded.
Throw: 6 boomerangs
Press: ? - help, Q - select action, (/) - cycle Shift-Dir - straight line, f/p - ogre
Aim: an ogre, wielding a +0 giant club (moderately wounded, 75% to hit)
You throw a boomerang. The boomerang hits the ogre!
The ogre is heavily wounded.
A sky beast comes into view.
You puncture the ogre!
The ogre is severely wounded.
An ogre comes into view. It is wielding a +0 giant spiked club.
You block the ogre's attack.
The sky beast flickers out of sight for a moment.
The ogre shouts!
You hit the ogre.
The ogre is almost dead.
The ogre hits you with a +0 giant club!
You hit the ogre but do no damage.
The ogre is almost dead.
The ogre closely misses you.
You hit the ogre but do no damage.
The ogre is almost dead.
The ogre hits you with a +0 giant club!!
You are too injured to fight recklessly!
Unknown command.
You barely miss the ogre.
The ogre is almost dead.
The ogre hits you with a +0 giant club!!
Ouch! That really hurt!
You die...

#..#..#.#.##
.........._...##
.........#.#..<#
.......<......รท#
........<......#
...$...........#
...............#
...............#
.....YO@......##
......#......##
..... #..##.##
.... ##.##.# ...
#.##.# ?. #.# .#
. ... .. ... ..
...


You could see a sky beast (invisible) and an ogre.

Vanquished Creatures
  A phantom (D:3)
  A scorpion (D:4)
  A jelly (D:5)
  A centaur skeleton (D:4)
  A scorpion zombie (D:4)
  An iguana (D:2)
  2 hound skeletons (D:4)
  2 adders (D:4)
  An ufetubus (D:4)
  A worm (D:2)
  An orc (D:3)
  5 ball pythons
  3 endoplasms
  3 giant cockroaches (D:1)
  6 hobgoblins
  7 jackals
  2 kobolds (D:4)
  3 quokkas
  2 bats
  A frilled lizard (D:2)
  3 goblins
  13 rats (D:2)
61 creatures vanquished.

Notes
Turn   | Place    | Note
-------+----------+-------------------------------------------
     0 | D:1      | shoop the Ogre Fighter began the quest for the Orb.
     0 | D:1      | Reached XP level 1. HP: 24/24 MP: 1/1
   167 | D:1      | Reached XP level 2. HP: 33/33 MP: 2/2
   201 | D:1      | Found a faded altar of an unknown god.
   982 | D:2      | Reached XP level 3. HP: 37/40 MP: 3/3
   987 | D:2      | Reached skill level 1 in Throwing
  1149 | D:2      | Reached XP level 4. HP: 28/49 MP: 4/4
  1346 | D:2      | Reached skill level 5 in Fighting
  1456 | D:3      | Found an ornate altar of the Wu Jian Council.
  1574 | D:4      | Noticed a scorpion
  1592 | D:4      | Killed a scorpion
  1593 | D:4      | Reached XP level 5. HP: 27/57 MP: 5/5
  1825 | D:4      | Noticed a phantom
  1861 | D:3      | Killed a phantom
  2111 | D:4      | Reached XP level 6. HP: 60/67 MP: 6/6
  2199 | D:4      | Reached skill level 6 in Fighting
  2346 | D:4      | Noticed Demosthentine's ghost (amateur MfGl)
  2347 | D:4      | Found a transporter.
  2526 | D:4      | Found a transporter.
  2759 | D:4      | Found an opulent altar of Gozag.
  2760 | D:4      | Found a stormy altar of Qazlal.
  2761 | D:4      | Found a white marble altar of Elyvilon.
  2863 | D:5      | Entered Level 5 of the Dungeon
  2863 | D:5      | Found a broken altar of Ashenzari.
  3121 | D:5      | Noticed a sky beast
  3126 | D:5      | Slain by an ogre

Illustrated notes

Levels and vault maps discovered:
D:1:      sevenhm_arrival_forest_fort_small_3, layout_basic,
          hellmonk_ecumenical_altar_leap_of_faith, minmay_misc_feat_cross
D:2:      layout_basic, minmay_rat_hole
D:3:      layout_loops_ring, marbit_many_paths, serial_shops,
          nicolae_shop_competitors_out_of_business, minmay_misc_feat_iff
D:4:      layout_loops_ring, chequers_temple_overflow_statue_of_worship,
          gammafunk_ghost_smash, st_stairs_5
D:5:      layout_rooms, ashenzari_altar_1, minmay_temple_entry_glassed_door,
          nrook_uturn, corexii_leaking_fountain, uniq_pikel, uniq_menkaure

Skill      XL: |  1  2  3  4  5  6 |
---------------+-------------------+-----
Throwing       | 1 2 3 |  3.4
Fighting       | 5 6 |  6.3
Polearms       | 3 4 |  4.2
Dodging        | |  2.6
Shields        | |  2.6

Action                   |  1- 3 |  4- 6 || total
-------------------------+-------+-------++-------
Melee: Trident           |   101 |   140 ||   241
Throw: Dart              |       |     1 ||     1
       Boomerang         |       |     3 ||     3
Armor: Robe              |    16 |    22 ||    38
Dodge: Dodged            |    35 |    52 ||    87
Block: Kite shield       |    30 |    50 ||    80

Table legend: (Time is in decaauts)
 A = Elapsed time spent in this place.
 B = Non-inter-level travel time spent in this place.
 C = Inter-level travel time spent in this place.
 D = Time resting spent in this place.
 E = Time spent auto-exploring this place.
 F = Levels seen in this place.
 G = Mean time per level.
                   A        B        C        D        E       F      G
               +--------+--------+--------+--------+--------+-----+--------+
         Total |   3213 |   3146 |     67 |    310 |   2310 |   5 |  642.6 |
       Dungeon |   3213 |   3146 |     67 |    310 |   2310 |   5 |  642.6 |
               +--------+--------+--------+--------+--------+-----+--------+

Top non-repeatable levels by time:
     D:4: 1073 daAuts
     D:1: 912 daAuts
     D:2: 555 daAuts
     D:3: 403 daAuts
     D:5: 268 daAuts
